 Dungeon Crawl Stone Soup version 0.30.1-4-g462c640d31 (webtiles) character file.

Game seed: 11123267358765767649

1366584 LordWeiramon the Sorcerer (level 26, 218/218 HPs)
             Began as a Mummy Hedge Wizard on Sept 16, 2023.
             Was the Champion of Ashenzari.
             Escaped with the Orb
             ... and 3 runes on Sept 17, 2023!
             The game lasted 11:26:49 (108204 turns).

LordWeiramon the Sorcerer (Mummy Hedge Wizard)    Turns: 108204, Time: 11:26:50

Health: 218/218    AC: 26    Str: 20    XL:     26   Next: 9%
Magic:  54/54      EV: 21    Int: 24    God:    Ashenzari [******]
Gold:   4440       SH: 30    Dex: 16    Spells: 35/79 levels left

rFire   + + +        a - staff of conjuration of the Perceptive Repose (curse) {rN+ Int+2, Melee, Fort} (curse)
rCold   + + +        c - +8 tower shield of Ashenzari's Seer {reflect, Fort, Elem} (curse)
rNeg    + + +        o - +6 acid dragon scales "Gnostic Servitude" {rCorr, Cun, Elem} (curse)
rPois   ∞            l - +0 helmet of Ashenzari's Portent {rN++ Will+ Int+4, Elem, Fort} (curse)
rElec   +            x - scarf "At What Cost Knowledge?" {rC+ rF+, Fort, Self} (curse)
rCorr   +            X - +2 pair of gloves of the Enigmatic Regret {Str+3, Cun, Self} (curse)
SInv    +            E - +0 pair of boots "Augurer of Ashenzari" {Self, Comp} (curse)
Will    ++++.        B - amulet of the Shackled Comet {Regen+, Cun, Fort} (curse)
Stlth   +            p - ring "Circumscribed Together" {rElec rF++ rC+ Str-2, Self, Cun} (curse)
HPRegen 1.36/turn    M - ring "Shackled With Me" {rF+ Str+3 Slay+4, Melee, Evo} (curse)
MPRegen 0.34/turn

%: reflection, clarity, faith
@: studying 2 skills
A: cold resistance 1, negative energy resistance 3, torment resistance 2, heat
vulnerability 1, in touch with death 2, no potions, faith
0: Orb of Zot
}: 3/15 runes: barnacled, slimy, gossamer
a: Renounce Religion, Shatter the Chains


You escaped.
You worshipped Ashenzari.
Ashenzari was exalted by your worship.
You visited 12 branches of the dungeon, and saw 55 of its levels.
You also visited: Trove, Sewer, Gauntlet, Ice Cave and Volcano.

You collected 10578 gold pieces.
You spent 6138 gold pieces at shops.

Inventory:

Missiles
 g - 2 throwing nets
 j - 15 silver javelins
 w - 46 boomerangs (quivered)
 R - 24 javelins
Armour
 c - the cursed +8 tower shield of Ashenzari's Seer (worn) {reflect, Fort, Elem}
   (You bought it in a shop on level 2 of the Orcish Mines)

   It has a curse which improves the following skills: Fortitude: Armour and
   Shields.
   Elements:  Fire Magic, Ice Magic, Air Magic and Earth Magic.
 l - the cursed +0 helmet of Ashenzari's Portent (worn) {rN++ Will+ Int+4, Elem, Fort}
   (You found it on level 1 of the Realm of Zot)

   Int:       It affects your intelligence (+4).
   rN:        It greatly protects you from negative energy.
   Will:      It increases your willpower.
   It has a curse which improves the following skills: Elements: Fire Magic, Ice
   Magic, Air Magic and Earth Magic.
   Fortitude: Armour and Shields.
 o - the cursed +6 acid dragon scales "Gnostic Servitude" (worn) {rCorr, Cun, Elem}
   (You bought it in a shop on level 1 of the Shoals)

   rCorr:     It protects you from acid and corrosion.
   It has a curse which improves the following skills: Cunning: Dodging and
   Stealth.
   Elements:  Fire Magic, Ice Magic, Air Magic and Earth Magic.
 x - the cursed scarf "At What Cost Knowledge?" (worn) {rC+ rF+, Fort, Self}
   (You bought it in a shop on level 3 of the Dungeon)

   It has a curse which improves the following skills: Fortitude: Armour and
   Shields.
   Introspection: Fighting and Spellcasting.
 E - the cursed +0 pair of boots "Augurer of Ashenzari" (worn) {Self, Comp}
   (You found it on level 1 of the Lair of Beasts)

   It has a curse which improves the following skills: Introspection: Fighting
   and Spellcasting.
   Companions: Summonings and Necromancy.
 X - the cursed +2 pair of gloves of the Enigmatic Regret (worn) {Str+3, Cun, Self}
   (You found it in a volcano)

   It has a curse which improves the following skills: Cunning: Dodging and
   Stealth.
   Introspection: Fighting and Spellcasting.
Magical Staves
 a - the cursed staff of conjuration of the Perceptive Repose (weapon) {rN+ Int+2, Melee, Fort}
   (You found it on level 5 of the Pits of Slime)

   [staff of conjuration]

   Base accuracy: +5 Base damage: 5 Base attack delay: 1.2 This weapon's minimum
   attack delay (0.6) is reached at skill level 12.
   Int:       It affects your intelligence (+2).
   rN:        It protects you from negative energy.
   It falls into the 'Staves' category.
   It is a one-handed weapon.
   It has a curse which improves the following skills: Melee Combat: Short
   Blades, Long Blades, Axes, Maces & Flails, Polearms, Staves and Unarmed
   Combat.
   Fortitude: Armour and Shields.
 b - the staff of earth "Jiemmo" {rC+ Str+3 Int+4}
   (You found it on level 3 of the Elven Halls)

   [staff of earth]

   Base accuracy: +5 Base damage: 5 Base attack delay: 1.2 This weapon's minimum
   attack delay (0.6) is reached at skill level 12.
   Str:       It affects your strength (+3).
   Int:       It affects your intelligence (+4).
   rC:        It protects you from cold.
   It falls into the 'Staves' category.
   It is a one-handed weapon.
Jewellery
 e - a ring of flight
 f - the ring "Ahusagikh" {Int+2 Dex+6}
   (You found it on level 3 of the Spider Nest)

   [ring of dexterity]

   Int:       It affects your intelligence (+2).
   Dex:       It affects your dexterity (+6).
 p - the cursed ring "Circumscribed Together" (left hand) {rElec rF++ rC+ Str-2, Self, Cun}
   (You took it off a deep elf annihilator on level 3 of the Elven Halls)

   [ring of protection from cold]

   Str:       It affects your strength (-2).
   rF:        It greatly protects you from fire.
   rC:        It protects you from cold.
   rElec:     It insulates you from electricity.
   It has a curse which improves the following skills: Introspection: Fighting
   and Spellcasting.
   Cunning:   Dodging and Stealth.
 s - a +5 ring of evasion
 B - the cursed amulet of the Shackled Comet (around neck) {Regen+, Cun, Fort}
   (You found it on level 3 of the Lair of Beasts)

   [amulet of regeneration]

   Regen:     It increases your rate of health regeneration.
   It has a curse which improves the following skills: Cunning: Dodging and
   Stealth.
   Fortitude: Armour and Shields.
 G - the ring of the Illusory Friars {rC+ Str+6 Int+4 Slay+3}
   (You found it in a treasure trove)

   [ring of strength]

   Str:       It affects your strength (+6).
   Int:       It affects your intelligence (+4).
   Slay:      It affects your accuracy & damage with ranged weapons and melee
   (+3).
   rC:        It protects you from cold.
 M - the cursed ring "Shackled With Me" (right hand) {rF+ Str+3 Slay+4, Melee, Evo}
   (You found it in a Gauntlet)

   [ring of slaying]

   Str:       It affects your strength (+3).
   Slay:      It affects your accuracy & damage with ranged weapons and melee
   (+4).
   rF:        It protects you from fire.
   It has a curse which improves the following skills: Melee Combat: Short
   Blades, Long Blades, Axes, Maces & Flails, Polearms, Staves and Unarmed
   Combat.
   Evocations: Evocations.
 U - a ring of protection from fire
Wands
 k - a wand of iceblast (47)
 u - a wand of paralysis (10)
 v - a wand of digging (10)
 z - a wand of mindburst (31)
 A - a wand of quicksilver (24)
 S - a wand of polymorph (19)
 T - a wand of flame (118)
Scrolls
 d - 4 scrolls of silence
 h - 14 scrolls of teleportation
 i - 11 scrolls of vulnerability
 m - 6 scrolls of immolation
 n - 6 scrolls of amnesia
 q - 15 scrolls of fog
 r - a scroll of torment
 t - 13 scrolls of enchant weapon
 H - 9 scrolls of fear
 I - 9 scrolls of magic mapping
 K - 5 scrolls of blinking
 L - 9 scrolls of brand weapon
 O - 9 scrolls of poison
 P - 2 scrolls of summoning
Miscellaneous
 C - a tin of tremorstones (2/2)
 D - a lightning rod (4/4)
 N - a box of beasts
 Q - a phial of floods


   Skills:
 + Level 14.5(20.2) Fighting
 - Level 8.0(11.6) Staves
 - Level 5.0 Throwing
 - Level 15.8(22.3) Armour
 - Level 12.5(18.2) Dodging
 - Level 1.5(5.0) Stealth
 - Level 14.8(21.3) Shields
 - Level 22.0(27) Spellcasting
 - Level 21.7 Conjurations
 - Level 0.6 Hexes
 - Level 0.7(1.9) Summonings
 - Level 1.3(2.9) Necromancy
 - Level 0.7 Translocations
 - Level 3.0 Transmutations
 - Level 1.4(4.3) Air Magic
 - Level 16.0(20.6) Earth Magic
 - Level 1.0 Poison Magic
 - Level 9.3(11.8) Evocations


You had 35 spell levels left.
You knew the following spells:

 Your Spells              Type           Power      Damage    Failure   Level
a - Magic Dart            Conj           100%       1d8       0%          1
b - Blink                 Tloc           70%        N/A       1%          2
c - Mephitic Cloud        Conj/Pois/Air  85%        N/A       1%          3
d - Lee's Rapid Deconstr  Erth           46%        3d22*     0%          5
f - Irradiate             Conj/Tmut      47%        3d27      1%          5
g - Apportation           Tloc           70%        N/A       1%          1
h - Hailstorm             Conj/Ice       92%        3d18      1%          3
i - Iron Shot             Conj/Erth      58%        9d11      1%          6
j - Lehudib's Crystal Sp  Conj/Erth      58%        10d13     1%          8
k - Stone Arrow           Conj/Erth      100%       3d13      0%          3
o - Orb of Destruction    Conj           58%        9d14      1%          7

Your spell library contained the following spells:

 Spells                   Type           Power      Damage    Failure   Level
 Kiss of Death            Conj/Necr      100%       2d13      0%          1
 Shock                    Conj/Air       100%       1d9       0%          1
 Static Discharge         Conj/Air       100%       2-7/arc   0%          2
 Iskenderun's Battlesphe  Conj           100%       2d15      0%          5
 Foxfire                  Conj/Fire      100%       2x1d9     1%          1
 Necrotise                Necr           100%       1d9       1%          1
 Slow                     Hex            100%       N/A       1%          1
 Sting                    Tmut/Pois      100%       1d8       1%          1
 Summon Small Mammal      Summ           100%       N/A       1%          1
 Call Imp                 Summ           82%        N/A       1%          2
 Cigotuvi's Dreadful Rot  Necr/Pois/Air  100%       N/A       1%          2
 Ensorcelled Hibernation  Hex/Ice        70%        N/A       1%          2
 Lesser Beckoning         Tloc           70%        N/A       1%          2
 Passwall                 Tmut/Erth      60%        N/A       1%          2
 Scorch                   Fire           70%        2d7       1%          2
 Dazzling Flash           Conj/Hex       100%       N/A       1%          3
 Swiftness                Air            52%        N/A       1%          3
 Vhi's Electric Charge    Tloc/Air       88%        N/A       1%          3
 Animate Armour           Summ/Erth      100%       N/A       1%          4
 Flame Wave               Conj/Fire      92%        2d19      1%          4
 Fulminant Prism          Conj/Hex       46%        3d20      1%          4
 Iskenderun's Mystic Bla  Conj/Tloc      92%        2d18      1%          4
 Petrify                  Tmut/Erth      73%        N/A       1%          4
 Sticky Flame             Conj/Fire      92%        2d10      1%          4
 Arcjolt                  Conj/Air       48%        1d58      1%          5
 Fireball                 Conj/Fire      46%        3d18      1%          5
 Conjure Ball Lightning   Conj/Air       48%        3x3d17    1%          6
 Call Canine Familiar     Summ           41%        N/A       2%          3
 Ignite Poison            Fire/Tmut/Pois 40%        N/A       2%          3
 Airstrike                Air            26%        2d(4-20)  2%          4
 Starburst                Conj/Fire      46%        6d13      2%          6
 Gell's Gravitas          Tloc           35%        N/A       3%          3
 Ozocubu's Armour         Ice            35%        N/A       3%          3
 Portal Projectile        Hex/Tloc       70%        N/A       3%          3
 Summon Guardian Golem    Hex/Summ       38%        N/A       3%          3
 Teleport Other           Tloc           35%        N/A       3%          3
 Volatile Blastmotes      Fire/Tloc      70%        2d15      3%          3
 Confusing Touch          Hex            35%        N/A       4%          3
 Tukima's Dance           Hex            35%        N/A       4%          3
 Dispel Undead            Necr           81%        3d26      4%          4
 Summon Lightning Spire   Summ/Air       47%        N/A       4%          4
 Anguish                  Hex/Necr       37%        N/A       9%          4
 Summon Ice Beast         Ice/Summ       38%        N/A       10%         4
 Olgreb's Toxic Radiance  Pois           37%        N/A       11%         4
 Spellforged Servitor     Conj/Summ      46%        N/A       11%         7
 Cause Fear               Hex            17%        N/A       13%         4
 Manifold Assault         Tloc           35%        N/A       13%         4
 Passage of Golubria      Tloc           35%        N/A       13%         4
 Agony                    Necr           81%        N/A       14%         5
 Silence                  Hex/Air        22%        N/A       17%         5
 Yara's Violent Unravell  Hex/Tmut       20%        3d9       22%         5
 Summon Forest            Summ/Tloc      19%        N/A       26%         5
 Summon Mana Viper        Hex/Summ       38%        N/A       28%         5
 Metabolic Englaciation   Hex/Ice        17%        N/A       34%         5
 Shatter                  Erth           46%        3d35*     36%         9
 Plasma Beam              Fire/Air       22%        2x1d37    67%         6
 Eringya's Noxious Bog    Tmut/Pois      21%        N/A       75%         6
 Summon Cactus Giant      Summ           20%        N/A       75%         6
 Simulacrum               Ice/Necr       37%        N/A       77%         6
 Dispersal                Tloc           17%        N/A       89%         6
 Haunt                    Necr/Summ      39%        N/A       99%         7
 Enfeeble                 Hex            17%        N/A       100%        7
 Monstrous Menagerie      Summ           20%        N/A       100%        7
 Summon Hydra             Summ           20%        N/A       100%        7
 Discord                  Hex            17%        N/A       100%        8
 Disjunction              Tloc           17%        N/A       100%        8
 Ignition                 Fire           17%        3d7       100%        8
 Infestation              Necr           40%        N/A       100%        8
 Maxwell's Capacitive Co  Air            26%        ∞         100%        8
 Chain Lightning          Conj/Air       48%        3d64      100%        9
 Fire Storm               Conj/Fire      46%        8d12      100%        9
 Polar Vortex             Ice            17%        N/A       100%        9
 Statue Form              Tmut/Erth      Unusable   N/A       N/A         6
 Spider Form              Tmut/Pois      Unusable   N/A       N/A         3
 Ice Form                 Ice/Tmut       Unusable   N/A       N/A         4
 Blade Hands              Tmut           Unusable   N/A       N/A         5
 Dragon Form              Tmut           Unusable   N/A       N/A         7
 Borgnjor's Revivificati  Necr           Unusable   N/A       N/A         8
 Necromutation            Tmut/Necr      Unusable   N/A       N/A         8
 Death's Door             Necr           Unusable   N/A       N/A         9

Dungeon Overview and Level Annotations

Branches:
Dungeon (15/15)            Temple (1/1) D:4            Lair (5/5) D:9
 Shoals (4/4) Lair:2       Spider (4/4) Lair:2        Slime (5/5) Lair:5
    Orc (2/2) D:10            Elf (3/3) Orc:2        Vaults (4/5) D:13
  Crypt (3/3) Vaults:3       Tomb (0/3) Crypt:3      Depths (4/4) D:15
    Zot (5/5) Depths:4      Sewer (visited)           IceCv (visited)
Volcano (visited)         Gauntlet (visited)

Altars:
Ashenzari
Cheibriados
Dithmenos
Fedhas
Gozag
Hepliaklqana
Kikubaaqudgha
Makhleb
Nemelex Xobeh
Okawaru
Qazlal
Ru
Sif Muna
Trog
Uskayaw
Vehumet
Wu Jian
Xom
Yredelemnul
Jiyva

Shops:
D:2 !   D:3 *   D:12 (?   D:15 *   Orc:2 :[?!   Elf:1 [   Shoals:1 [=[*(
Vaults:2 (*   Vaults:4 [   Zot:5 *   Depths:1 [[

Portals:
Hell: Depths:1 Depths:2 Depths:3 Depths:4
Abyss: Depths:2 Depths:3 Depths:4
Pandemonium: Orc:2 Depths:1 Depths:2
Ziggurat: Depths:3

Annotations:
Depths:3 2 transporters


Innate Abilities, Weirdness & Mutations

You are immune to poison.
Your flesh is cold resistant. (rC+)
You are immune to negative energy. (rN+++)
You are immune to unholy pain and torment.
You are vulnerable to heat. (rF-)
You are strongly in touch with the powers of death.
You do not drink.
You have a special connection with the divine. (Faith)


Message History

There is a stone staircase leading down here.
You see here a potion of might.
Ariox comes into view. It is armed with a chaotic touch.
Press: ? - help, v - describe, . - travel
Here: Ariox, armed with a chaotic touch The floor.
Blink to where?
Press: ? - help, Dir - move target
As you read the scroll of blinking, it crumbles to dust.
You climb upwards.
There is a stone staircase leading down here.
(D) Dungeon (T) Temple (L) Lair (A) Shoals (N) Spider Nest (M) Slime Pits (O) Orcish Mines (E) Elven Halls (V) Vaults (C) Crypt (W) Tomb (U) Depths (H) Hell (Z) Zot
Where to? (Enter - D:1, ? - help)
What level of the Dungeon? (default 1, ? - help)
There is a stone staircase leading up here.
You climb upwards.
There is a stone staircase leading down here.
Magic restored.
There is a stone staircase leading up here.
You climb upwards.
There is a stone staircase leading down here.
There is a stone staircase leading up here.
You climb upwards.
There is a stone staircase leading down here.
You sense a monster nearby.
(D) Dungeon (T) Temple (L) Lair (A) Shoals (N) Spider Nest (M) Slime Pits (O) Orcish Mines (E) Elven Halls (V) Vaults (C) Crypt (W) Tomb (U) Depths (H) Hell (Z) Zot
Where to? (Enter - D:1, ? - help)
There is an escape hatch in the ceiling here.
There is a stone staircase leading up here.
You climb upwards.
There is a stone staircase leading down here.
There is an open door here.
There is a staircase leading out of the dungeon here.
You have escaped!

#....# # ##..###########
# #'#.##.......#####
####.####.#####......
##..#.#..### #####.##
#.#.#.#.#.# #.....#
#..#...#..# ##.#####
######.....######..#
#.'.....@.....'.#.##
#.####.....####...#
#..#..#...#..####.# ###
##.#.#.#.#.#.###..#####..
##.##..#.#..##....>.##...
#...####.####......(#...^
#......#'#...............
#...................#....
#........................


There were no monsters in sight!

Vanquished Creatures
  the Royal Jelly (Slime:5)
  3 ancient liches (Crypt:3)
  7 orbs of fire
  Mara (Spider:3)
  Bai Suzhen (Spider:4)
  4 Killer Klowns (Zot:5)
  3 curse toes
  The ghost of ShellytheWitch the Slayer, an adept MiBe of Trog (Elf:3)
  Jory (Crypt:3)
  11 golden dragons
  The ghost of Kehicw the Executioner, an adept HOBr of Okawaru (Shoals:2)
  3 bone dragons
  A Tzitzimitl (Crypt:3)
  2 doom hounds (Crypt:3)
  3 hellephants
  2 electric golems
  Jorgrun (Orc:1)
  Mlioglotl (Spider:1)
  11 tentacled monstrosities
  Zenata (Crypt:1)
  An Ice Fiend (D:8)
  25 Orb Guardians (Zot:5)
  Grunn (Crypt:3)
  5 liches
  2 deep elf blademasters (Elf:3)
  2 deep elf master archers (Elf:3)
  A kraken (Shoals:4)
  29 acid blobs
  7 quicksilver dragons
  Agnes (Elf:1)
  12 death cobs
  6 ancient champions
  Frances (Shoals:2)
  Polyphemus (Shoals:3)
  Kirke (D:12)
  2 sphinxes
  4 shadow dragons
  10 storm dragons
  Gastronok (D:11)
  3 tengu reavers
  15 azure jellies
  Roxanne (Shoals:3)
  8 draconian monks
  13 rockslimes
  Ilsuiw (Shoals:4)
  7 frost giants
  9 emperor scorpions
  6 vault wardens
  6 deep elf sorcerers
  4 fire giants
  6 draconian knights
  7 ghost moths
  Aizul (Elf:1)
  2 draconian scorchers
  11 deep elf elementalists
  Louise (Spider:4)
  3 curse skulls (Crypt:2)
  5 ghouls
  13 ironbound preservers
  14 quicksilver oozes
  7 draconian stormcallers
  A caustic shrike zombie (Depths:1)
  7 draconian shifters
  A spriggan defender (Depths:4)
  2 cacodemons
  An orc warlord (Vaults:4)
  9 stone giants
  2 war gargoyles
  3 broodmothers
  2 reapers (Crypt:2)
  A broodmother (shapeshifter) (Elf:1)
  The ghost of Kurtz the Severer, a journeyman TeFi of Gozag (Lair:5)
  A caustic shrike skeleton (Crypt:1)
  17 very ugly things
  6 draconian annihilators
  2 demonspawn corrupters (D:11)
  6 ironbound thunderhulks
  13 black draconians
  7 deep elf demonologists
  22 yellow draconians
  11 green draconians
  9 vampire knights
  6 dire elephants
  11 red draconians
  A minotaur (Gauntlet)
  7 white draconians
  6 spark wasps (Depths:1)
  7 deep elf annihilators (Elf:3)
  12 purple draconians
  The ghost of TheGhostDragon953 the Severer, a journeyman MiBe of Trog (Spider:1)
  9 merfolk javelineers
  4 ettins
  3 fire dragons
  11 merfolk impalers
  2 entropy weavers
  12 deep elf death magi
  3 eidola (Crypt:1)
  3 jiangshi
  3 deep elf high priests
  4 ice dragons
  2 rakshasas
  14 great orbs of eyes
  The ghost of wingedge the Basher, a journeyman DgFi (D:11)
  Fannar (Lair:2)
  A quicksilver dragon skeleton (Crypt:3)
  A peacekeeper (Vaults:4)
  8 hydras
  7 yaktaur captains
  7 vault guards (Vaults:1)
  A merfolk avatar (Shoals:1)
  A ghost crab (Gauntlet)
  2 jorogumos
  3 spriggan air magi
  A salamander tyrant (Depths:4)
  5 radroaches
  A demonspawn (Orc:2)
  An alligator snapping turtle (Shoals:4)
  3 merfolk aquamancers
  2 spriggan skeletons
  5 boulder beetles
  2 death knights (Crypt:1)
  2 catoblepae
  6 two-headed ogres
  Erica (D:11)
  13 ironbound frosthearts
  3 satyrs
  7 centaur warriors
  3 deep troll shamans
  A bennu zombie (Crypt:1)
  32 dancing weapons
  10 tengu warriors
  4 deep troll earth magi
  The ghost of gdog the Covert, a novice GnDe of Gozag (D:9)
  10 hell hogs
  5 spriggan berserkers
  A titan zombie (Crypt:1)
  3 vampire magi
  6 orc high priests (Orc:2)
  A spectral dire elephant (Lair:5)
  7 death yaks
  7 hell knights
  12 deep elf knights
  A soul eater (Crypt:1)
  A sun demon (Depths:1)
  Sonja (Orc:1)
  A skyshark (Shoals:2)
  2 iron trolls
  Lodul (D:11)
  A salamander mystic (Depths:4)
  12 skeletal warriors
  2 shadow wraiths (Crypt:2)
  8 sea snakes
  A sixfirhy (Zot:5)
  6 pharaoh ants
  5 sun moths
  A storm dragon skeleton (Vaults:3)
  A glowing orange brain (Depths:1)
  2 bunyip zombies
  A spectral anaconda (Lair:5)
  6 wizards
  An obsidian statue (Lair:5)
  9 orb spiders
  A bog body (Crypt:3)
  An orange crystal statue (Zot:5)
  37 deep trolls
  8 deep elf archers
  A swamp dragon (shapeshifter) (Vaults:4)
  5 flayed ghosts
  5 steelbarb worms
  11 phantasmal warriors
  13 harpies
  18 deep elf zephyrmancers
  9 lindwurms
  9 ironbound convokers
  7 orc knights
  30 deep elf pyromancers
  16 necromancers
  An anaconda skeleton (Crypt:2)
  6 shining eyes
  27 wolf spiders
  A salamander (shapeshifter) (Vaults:2)
  13 fauns
  A worldbinder (Gauntlet)
  6 orc sorcerers
  2 frost giant zombies
  16 manticores
  40 ugly things
  4 cyclopes
  27 moths of wrath
  An oklob plant (Zot:4)
  6 human skeletons
  10 elephants
  A guardian serpent (shapeshifter) (Elf:1)
  11 merfolk sirens
  A salamander (Depths:4)
  13 vault sentinels
  3 black mambas (Lair:5)
  A frost giant skeleton (Vaults:3)
  An iron dragon skeleton (Crypt:3)
  2 eyes of devastation
  2 stone giant skeletons
  5 torpor snails
  An ice statue (Lair:3)
  9 water nymphs
  A rust devil (Depths:1)
  2 gargoyles (D:12)
  Joseph (D:8)
  A naga skeleton (Crypt:2)
  8 cane toads
  9 demonic crawlers
  2 orange demons
  A hellion (Depths:4)
  3 dire elephant skeletons
  A red draconian zombie (Crypt:1)
  A minotaur zombie (Gauntlet)
  4 unseen horrors
  A purple draconian zombie (Crypt:2)
  A white draconian zombie (Crypt:3)
  8 komodo dragons
  3 kobold demonologists
  4 rime drakes
  29 yaktaurs
  A spark wasp simulacrum (Depths:1)
  3 tengu conjurers
  4 freezing wraiths
  11 trolls
  An ice devil (Gauntlet)
  A guardian mummy (Crypt:3)
  2 yaktaur skeletons (Vaults:4)
  3 red devils
  A meliai (shapeshifter) (D:14)
  A troll (shapeshifter) (Spider:1)
  3 meliai (Spider:1)
  23 merfolk
  8 hornets
  A polar bear (Lair:3)
  2 wolf spider simulacra
  A mana viper skeleton (Crypt:1)
  6 hellwings
  25 tarantellas
  9 wind drakes
  8 blink frogs
  A death drake skeleton (Crypt:2)
  A frost giant simulacrum (Vaults:4)
  166 slime creatures
  A spectral elephant (Lair:5)
  8 dream sheep
  A boulder beetle zombie (Crypt:2)
  12 snapping turtles
  35 jumping spiders
  5 air elementals
  2 spriggans (Depths:4)
  Sigmund (D:3)
  3 flying skulls
  2 ettin skeletons
  2 shadows
  An alligator skeleton (Crypt:3)
  25 culicivoras
  10 water elementals
  29 yaks
  4 fire elementals
  4 basilisks
  4 fire bats (Volcano)
  A hog (D:12)
  3 wyverns
  12 wraiths
  11 golden eyes
  3 humans (D:12)
  A neqoxec (Depths:1)
  49 redbacks
  A warg (Orc:1)
  A spectral cane toad (Lair:5)
  2 steam dragons
  7 water moccasins
  A demonspawn zombie (Crypt:2)
  A cane toad zombie (Crypt:2)
  A floating eye (shapeshifter) (Elf:1)
  3 hell hounds (Volcano)
  2 glowing shapeshifter skeletons (Vaults:3)
  24 orc warriors
  6 ice beasts
  Pargi (Sewer)
  A snapping turtle zombie (Crypt:1)
  12 ogres
  An ettin simulacrum (Vaults:4)
  6 boggarts
  23 wolves
  An elephant skeleton (Lair:5)
  4 great orb of eyes simulacra (IceCv)
  5 slime creature simulacra (IceCv)
  11 centaurs
  A hog zombie (Crypt:2)
  3 phantoms
  4 human zombies (Vaults:4)
  A draconian skeleton (Crypt:1)
  2 elf zombies (Elf:1)
  2 gnoll sergeants
  9 bullfrogs
  5 necrophages
  An earth elemental (Elf:1)
  2 scorpions
  2 glowing shapeshifter simulacra (IceCv)
  A hornet simulacrum (D:9)
  7 wights
  2 troll zombies (D:10)
  An elephant simulacrum (Lair:5)
  4 killer bees (D:8)
  5 howler monkeys
  A troll skeleton (Crypt:2)
  7 electric eels
  32 orc priests
  3 hounds
  42 jellies
  4 iguanas
  19 orc wizards
  3 shapeshifter simulacra (IceCv)
  An acid dragon zombie (Crypt:1)
  6 ogre zombies (D:10)
  A hound zombie (Crypt:1)
  2 hound skeletons
  12 mummies (Crypt:3)
  7 gnolls
  10 adders
  15 white imps
  2 ufetubi
  An iguana zombie (Crypt:3)
  A lava snake skeleton (Crypt:3)
  3 worms
  2 dart slugs
  58 orcs
  4 ball pythons
  6 endoplasms
  6 giant cockroaches
  3 goblins
  6 hobgoblins
  2 jackals (Sewer)
  5 quokkas
  A ball python skeleton (Crypt:2)
  A ball python zombie (Crypt:3)
  4 bats
  3 frilled lizards
  4 goblin zombies (D:10)
  3 hobgoblin skeletons
  2 hobgoblin zombies
  10 kobolds
  4 orc skeletons (D:10)
  14 orc zombies (D:10)
  3 rats
  4 tentacles (Shoals:4)
2266 creatures vanquished.

Vanquished Creatures (collateral kills)
  A spark wasp (Spider:4)
  A demonspawn (Orc:2)
  A hornet (Spider:4)
  A harpy skeleton (Crypt:3)
  An ogre (D:4)
5 creatures vanquished.

Vanquished Creatures (others)
  A red draconian (Zot:3)
  A large abomination (Elf:1)
  A human (D:12)
  3 elf zombies (Elf:1)
  13 tentacles (Shoals:4)
19 creatures vanquished.

Grand Total: 2290 creatures vanquished

Notes
Turn   | Place    | Note
-------+----------+-------------------------------------------
     0 | D:1      | LordWeiramon the Mummy Hedge Wizard began the quest for the
                  | Orb.
     0 | D:1      | Reached XP level 1. HP: 13/13 MP: 5/5
    32 | D:1      | Reached skill level 1 in Conjurations
   141 | D:1      | Found a faded altar of an unknown god.
   334 | D:1      | Reached XP level 2. HP: 19/19 MP: 4/7
   558 | D:1      | You fall into a shaft and drop 1 floor!
  1242 | D:2      | Gained mutation: You are in touch with the powers of death.
                  | [Mummy growth]
  1242 | D:2      | Reached XP level 3. HP: 20/24 MP: 1/8
  1260 | D:2      | Learned a level 3 spell: Mephitic Cloud
  1845 | D:2      | Found Ynesming's Distillery.
  2203 | D:3      | Found Gyvvy's Assorted Antiques.
  2535 | D:3      | Reached XP level 4. HP: 30/30 MP: 7/10
  2783 | D:3      | Noticed Sigmund
  3157 | D:4      | Found a staircase to the Ecumenical Temple.
  3242 | Temple   | Entered the Ecumenical Temple
  3444 | D:4      | Reached skill level 5 in Spellcasting
  3737 | D:3      | Found a broken altar of Ashenzari.
  3738 | D:3      | Found a hazy altar of Hepliaklqana.
  3744 | D:3      | Became a worshipper of Ashenzari the Shackled
  3832 | D:4      | Noticed an ogre
  3870 | D:4      | Killed an ogre
  3871 | D:4      | Reached XP level 5. HP: 35/35 MP: 10/12
  4341 | D:5      | Entered Level 5 of the Dungeon
  4380 | D:5      | Noticed an ogre
  4479 | D:5      | Noticed an ice beast
  4602 | D:3      | Bought a scroll labelled QINE EPPERIMUNN for 30 gold pieces
  4614 | D:3      | Found an opulent altar of Gozag.
  4836 | D:4      | Killed an ice beast
  4837 | D:4      | Reached skill level 6 in Spellcasting
  4837 | D:4      | Reached XP level 6. HP: 19/41 MP: 0/15
  4998 | D:5      | Reached skill level 1 in Poison Magic
  5075 | D:5      | Reached skill level 1 in Air Magic
  5312 | D:5      | Learned a level 2 spell: Blink
  5314 | D:5      | Learned a level 1 spell: Slow
  5384 | D:5      | Reached skill level 7 in Spellcasting
  5384 | D:5      | Reached XP level 7. HP: 45/46 MP: 6/17
  5874 | D:6      | Reached skill level 8 in Spellcasting
  5958 | D:6      | Found a glowing drain.
  6024 | Sewer    | Entered a sewer
  6115 | Sewer    | Noticed Pargi
  6136 | Sewer    | Killed Pargi
  6407 | D:6      | Reached skill level 5 in Conjurations
  6693 | D:6      | Reached * piety under Ashenzari
  7146 | D:7      | Reached skill level 1 in Fighting
  7178 | D:7      | Noticed a wyvern
  7200 | D:7      | Killed a wyvern
  7201 | D:7      | Reached XP level 8. HP: 55/55 MP: 5/20
  7483 | D:7      | Noticed a hornet
  7573 | D:6      | Learned a level 2 spell: Cigotuvi's Dreadful Rot
  7727 | D:7      | Reached ** piety under Ashenzari
  7821 | D:3      | Bought an embroidered scarf for 240 gold pieces
  8198 | D:7      | Identified Sif Muna's Verses on Generation
  8199 | D:7      | Found an iron altar of Okawaru.
  8274 | D:7      | Reached skill level 1 in Necromancy
  8496 | D:7      | Found an ornate altar of the Wu Jian Council.
  8524 | D:7      | Reached skill level 1 in Evocations
  8669 | D:7      | Learned a level 1 spell: Apportation
  8751 | D:7      | Killed a hornet
  8934 | D:7      | Reached skill level 5 in Throwing
  8934 | D:7      | Reached XP level 9. HP: 68/68 MP: 18/22
  9188 | D:6      | Found a bloodstained altar of Trog.
  9299 | D:6      | Identified Sif Muna's Verses on Generation
  9300 | D:6      | Found a shimmering blue altar of Sif Muna.
  9470 | D:8      | Noticed Joseph
  9487 | D:8      | Killed Joseph
  9519 | D:8      | Found a shadowy altar of Dithmenos.
  9681 | D:8      | Reached skill level 1 in Armour
 10141 | D:8      | Reached skill level 9 in Spellcasting
 10830 | D:9      | Found a transporter.
 10832 | D:9      | Reached *** piety under Ashenzari
 11032 | D:9      | Noticed a two-headed ogre
 11082 | D:9      | Killed a two-headed ogre
 11083 | D:9      | Reached XP level 10. HP: 77/77 MP: 9/26
 11205 | D:9      | Found a staircase to the Lair.
 11451 | D:9      | Learned a level 5 spell: Irradiate
 11520 | D:9      | Noticed gdog's ghost (novice GnDe)
 11521 | D:9      | Found a bloodstained altar of Trog.
 11521 | D:9      | Noticed a two-headed ogre
 11522 | D:9      | Noticed a moth of wrath
 11556 | D:9      | Found a transporter.
 11578 | D:9      | Found a transporter.
 11615 | D:9      | Found a transporter.
 11694 | D:9      | Found a transporter.
 11798 | D:9      | Found a transporter.
 11856 | D:9      | Noticed a tengu warrior
 11857 | D:9      | Noticed a two-headed ogre
 11871 | D:9      | Found a transporter.
 11876 | D:9      | Found a transporter.
 12233 | D:3      | Killed Sigmund
 12376 | D:10     | Entered Level 10 of the Dungeon
 12523 | D:10     | Reached **** piety under Ashenzari
 12944 | D:10     | Noticed a two-headed ogre
 13277 | D:10     | Killed a two-headed ogre
 13278 | D:10     | Reached XP level 11. HP: 55/84 MP: 21/27
 14079 | D:10     | Found a staircase to the Orcish Mines.
 14149 | D:10     | Reached skill level 5 in Staves
 14308 | D:11     | Noticed Gastronok
 14563 | D:11     | Noticed Erica
 14589 | D:11     | Killed Erica
 15653 | D:11     | Found a runed translucent door.
 15654 | D:11     | Noticed wingedge's ghost (journeyman DgFi)
 15767 | Lair:1   | Entered Level 1 of the Lair of Beasts
 15865 | Lair:1   | Reached skill level 5 in Evocations
 16133 | Lair:1   | Noticed a death yak
 16303 | Lair:1   | Found a shimmering altar of Xom.
 16517 | Lair:2   | Found a staircase to the Shoals.
 16599 | Lair:2   | Reached skill level 5 in Dodging
 16660 | Lair:2   | Noticed Fannar
 16704 | Lair:2   | Killed Fannar
 16705 | Lair:2   | Reached XP level 12. HP: 64/94 MP: 17/29
 16961 | Lair:2   | Found a hole to the Spider Nest.
 17751 | Lair:3   | Found a frozen archway.
 17908 | IceCv    | Entered an ice cave
 18547 | IceCv    | Noticed an azure jelly
 18562 | IceCv    | Killed an azure jelly
 18766 | IceCv    | Found a viscous altar of Jiyva.
 18768 | IceCv    | Identified the Volume of Algor
 18784 | IceCv    | Learned a level 3 spell: Hailstorm
 18826 | IceCv    | Reached skill level 1 in Transmutations
 18879 | IceCv    | Noticed an azure jelly
 18886 | IceCv    | Killed an azure jelly
 18887 | IceCv    | Reached skill level 10 in Conjurations
 19986 | Lair:3   | Noticed a four-headed hydra
 19992 | Lair:3   | Killed a four-headed hydra
 20280 | Lair:3   | Reached skill level 10 in Spellcasting
 20868 | Lair:4   | Noticed a five-headed hydra
 20874 | Lair:4   | Killed a five-headed hydra
 21092 | Lair:4   | Gained mutation: You are strongly in touch with the powers
                  | of death. [Mummy growth]
 21092 | Lair:4   | Reached XP level 13. HP: 89/99 MP: 24/32
 21189 | Lair:4   | Reached skill level 11 in Spellcasting
 22265 | Lair:1   | Reached skill level 12 in Spellcasting
 22887 | Lair:5   | Entered Level 5 of the Lair of Beasts
 23556 | Lair:5   | Found a staircase to the Slime Pits.
 23903 | Lair:5   | Found a runed translucent door.
 23904 | Lair:5   | Found a shimmering altar of Xom.
 23904 | Lair:5   | Noticed Kurtz's ghost (journeyman TeFi)
 23905 | Lair:5   | Identified the +10 demon trident "Juloep Geajo" {chaos,
                  | Will- MP+9 Dex+4 SInv}
 24510 | Lair:5   | Identified the +6 plate armour of Sufficient Leaves {rF+
                  | rN++ Str+4}
 24512 | Lair:5   | Noticed a dire elephant
 24585 | Lair:5   | Killed a dire elephant
 24618 | Lair:5   | Noticed a dire elephant
 25493 | Lair:5   | Reached skill level 5 in Armour
 25507 | Lair:5   | Reached XP level 14. HP: 89/106 MP: 19/34
 26039 | D:9      | Reached skill level 1 in Shields
 26045 | D:9      | Killed gdog's ghost
 26498 | D:11     | Killed Gastronok
 27126 | D:11     | Killed wingedge's ghost
 27344 | D:11     | Noticed Lodul
 27350 | D:11     | Killed Lodul
 27490 | D:12     | Reached skill level 5 in Shields
 27664 | D:12     | Found a gate leading to a gauntlet.
 27673 | Gauntlet | Entered a Gauntlet
 27673 | Gauntlet | Found a transporter.
 27685 | Gauntlet | Found a transporter.
 27685 | Gauntlet | Found a transporter.
 27711 | Gauntlet | Found a transporter.
 27713 | Gauntlet | Found a transporter.
 27715 | Gauntlet | Found a transporter.
 27736 | Gauntlet | Found a transporter.
 27746 | Gauntlet | Found a transporter.
 27754 | Gauntlet | Found a transporter.
 27770 | Gauntlet | Found a transporter.
 27789 | Gauntlet | Found a transporter.
 27809 | Gauntlet | Identified the +1 hat of Raog {Str+3}
 27819 | Gauntlet | Found a transporter.
 27821 | Gauntlet | Identified the +0 hat "Kuasega" {rElec rPois}
 27831 | Gauntlet | Found a transporter.
 27832 | Gauntlet | Identified the ring of the Genius {rF+ Str+3 Slay+4}
 27842 | Gauntlet | Identified the ring of Daffodils {Will+ Dex+6}
 27843 | Gauntlet | Found a transporter.
 27844 | Gauntlet | Identified the Incunabulum of the Stinger
 27853 | Gauntlet | Identified the ring of Compulsion {rPois rF+ rC+ Int+3}
 27855 | Gauntlet | Found a transporter.
 27869 | Gauntlet | Reached ***** piety under Ashenzari
 27878 | Gauntlet | Found a transporter.
 27895 | Gauntlet | Found a transporter.
 27897 | Gauntlet | Found a transporter.
 28040 | Gauntlet | Noticed an ironbound thunderhulk
 28040 | Gauntlet | Noticed a white very ugly thing
 28040 | Gauntlet | Noticed an ironbound thunderhulk
 28186 | Gauntlet | Identified the +7 long sword "Siuzael" {speed, rC+ Int+3
                  | Stlth+}
 28268 | D:12     | Noticed Kirke
 28300 | D:12     | Killed Kirke
 28440 | D:12     | Found Yrolirher's Antique Weapon Shop.
 28492 | D:12     | Found Woeviod's Magic Scroll Emporium.
 28498 | D:12     | Learned a level 3 spell: Stone Arrow
 28540 | D:12     | Bought a scroll of blinking for 97 gold pieces
 28540 | D:12     | Bought a scroll of teleportation for 39 gold pieces
 28814 | D:12     | Found a portal to a secret trove of treasure.
 28916 | D:12     | Identified a scroll of acquirement
 28927 | D:12     | Acquired 808 gold pieces
 29388 | D:3      | Bought a phial of floods for 1200 gold pieces
 29712 | D:13     | Found a transporter.
 29714 | D:13     | Found a transporter.
 29755 | D:13     | Found a transporter.
 29755 | D:13     | Found a transporter.
 29855 | D:13     | Found a transporter.
 29886 | D:13     | Found a transporter.
 30714 | D:13     | Noticed an ironbound preserver
 30953 | D:13     | Killed an ironbound preserver
 31179 | D:13     | Found a gate to the Vaults.
 31287 | D:14     | Found an ornate altar of the Wu Jian Council.
 31431 | D:14     | Reached skill level 5 in Fighting
 31665 | D:14     | Reached XP level 15. HP: 109/119 MP: 33/36
 32267 | D:15     | Entered Level 15 of the Dungeon
 33462 | D:15     | Found a staircase to the Depths.
 33818 | D:15     | Found Furone's General Store.
 33935 | D:15     | Bought a scroll of fog for 64 gold pieces
 33935 | D:15     | Bought a scroll of fear for 64 gold pieces
 33935 | D:15     | Bought a scroll of poison for 64 gold pieces
 33935 | D:15     | Bought a scroll of fear for 64 gold pieces
 34559 | Orc:1    | Entered Level 1 of the Orcish Mines
 34559 | Orc:1    | Noticed Sonja
 34595 | Orc:1    | Killed Sonja
 34790 | Orc:2    | Entered Level 2 of the Orcish Mines
 34914 | Orc:2    | Found a dark tunnel.
 34946 | Volcano  | Entered a volcano
 35422 | Orc:1    | Noticed Jorgrun
 35468 | Orc:2    | Found a staircase to the Elven Halls.
 35892 | Orc:2    | Found Koek Foq's Distillery.
 35894 | Orc:2    | Found Suitarit's Magic Scroll Emporium.
 35993 | Orc:2    | Bought a scroll of fog for 52 gold pieces
 35993 | Orc:2    | Bought a scroll of fog for 52 gold pieces
 35993 | Orc:2    | Bought a scroll of summoning for 123 gold pieces
 35993 | Orc:2    | Bought a scroll of poison for 52 gold pieces
 35993 | Orc:2    | Bought a scroll of fear for 52 gold pieces
 35993 | Orc:2    | Bought a scroll of teleportation for 39 gold pieces
 36792 | Orc:2    | Found Xihyif's Antique Armour Shop.
 36792 | Orc:2    | Found a one-way gate leading to the halls of Pandemonium.
 36792 | Orc:2    | Found Oheqelar's Book Boutique.
 36804 | Orc:2    | Bought a book of the Spheres for 594 gold pieces
 36812 | Orc:2    | Learned a level 7 spell: Orb of Destruction
 36997 | Spider:1 | Entered Level 1 of the Spider Nest
 37066 | Shoals:1 | Entered Level 1 of the Shoals
 37413 | Shoals:1 | Found Raitoabo's Jewellery Emporium.
 37505 | Shoals:1 | Bought a ring of flight for 297 gold pieces
 37602 | Shoals:1 | Found Qoof's Weapon Shop.
 37609 | Shoals:1 | Found Edashrivva's Assorted Antiques.
 37617 | Shoals:1 | Bought a scroll of teleportation for 78 gold pieces
 37968 | Shoals:1 | Reached XP level 16. HP: 119/127 MP: 37/37
 38025 | Shoals:1 | Found Daniel's Dragon-Slaying Spoils.
 38384 | Shoals:1 | Found Udise's Antique Armour Shop.
 38849 | Shoals:2 | Reached skill level 15 in Conjurations
 38925 | Shoals:2 | Noticed Frances
 39834 | Shoals:2 | Found a large runed translucent door.
 39834 | Shoals:2 | Found a large runed translucent door.
 39835 | Shoals:2 | Noticed Kehicw's ghost (adept HOBr)
 39835 | Shoals:2 | Identified the +1 swamp dragon scales of the Barnacle
                  | {rElec rPois Regen+ rCorr Dex-3}
 40227 | Shoals:2 | Killed Frances
 40707 | Lair:5   | Killed Kurtz's ghost
 40984 | D:12     | You paid a toll of a +10 demon trident to enter a treasure
                  | trove
 40985 | Trove    | Entered a treasure trove
 40987 | Trove    | Identified the ring "Vifi" {rElec rCorr}
 40987 | Trove    | Identified the ring of the Eleven Spines {rN++ EV+5 Int+5
                  | Dex-5}
 40987 | Trove    | Identified the ring "Zaxeg" {*Corrode rF+ rC+ Str+3}
 40988 | Trove    | Identified the ring of Piast {AC+4 Slay+3 Stlth+}
 40989 | Trove    | Identified the ring "Deheaz" {rC+ Int+4}
 40989 | Trove    | Identified the ring of the Illusory Friars {rC+ Str+6 Int+4
                  | Slay+3}
 40989 | Trove    | Identified the ring of the Slug {Will+ Str+6 SInv}
 42580 | Shoals:3 | Identified Roxanne's Compilation of Bedrock
 42580 | Shoals:3 | Noticed Roxanne
 42928 | Shoals:4 | Entered Level 4 of the Shoals
 42928 | Shoals:4 | Noticed Polyphemus
 43233 | Spider:1 | Found a runed translucent door.
 43250 | Spider:1 | Noticed TheGhostDragon953's ghost (journeyman MiBe)
 43250 | Spider:1 | Identified the ring "Qeffaidi" {Fire rN++ Int+6 Dex-4}
 44014 | Spider:1 | Identified the +0 falchion of the Winnowing Gods {pain,
                  | Fragile Fly rF+ Int+4}
 44341 | Spider:1 | Acquired 1230 gold pieces
 44616 | Spider:1 | Reached XP level 17. HP: 133/133 MP: 1/38
 46157 | Spider:2 | Learned a level 8 spell: Lehudib's Crystal Spear
 46745 | Shoals:1 | Bought a pair of heavily runed gloves for 313 gold pieces
 46745 | Shoals:1 | Identified the +0 pair of gloves "Dieth" {rCorr Int-2
                  | Dex+3} (You bought it in a shop on level 1 of the Shoals)
 46963 | Spider:3 | Identified the +0 robe of the Jabberwock {rPois rF+ rC-}
 46988 | Spider:3 | Reached skill level 10 in Dodging
 47524 | Spider:3 | Identified the ring "Ahusagikh" {Int+2 Dex+6}
 48426 | Spider:3 | Noticed Mara
 48451 | Spider:3 | Killed Mara
 49222 | Spider:4 | Entered Level 4 of the Spider Nest
 49235 | Spider:3 | Reached ****** piety under Ashenzari
 49419 | Spider:4 | Noticed Bai Suzhen
 50364 | Spider:4 | Killed Bai Suzhen
 50601 | Spider:4 | Identified the +10 dagger of Moderation {protect, +Blink
                  | rPois Will- rCorr}
 51007 | Spider:4 | Identified the +0 pair of gloves of Absence {Dex+4}
 51349 | Spider:4 | Noticed Louise
 51479 | Spider:4 | Reached XP level 18. HP: 146/146 MP: 36/40
 51877 | Spider:4 | Killed Louise
 52441 | Spider:4 | Got a gossamer rune of Zot
 52756 | Shoals:3 | Killed Polyphemus
 53010 | Shoals:4 | Noticed Ilsuiw
 53564 | Shoals:4 | Killed Ilsuiw
 55257 | Shoals:4 | Reached skill level 10 in Armour
 55647 | Shoals:4 | Got a barnacled rune of Zot
 56328 | Elf:1    | Entered Level 1 of the Elven Halls
 57109 | Elf:1    | Identified the Incunabulum of Darkness
 57275 | Elf:1    | Noticed Aizul
 57278 | Elf:1    | Killed Aizul
 57354 | Elf:1    | Paralysed by an air elemental for 1 turns
 57773 | Elf:1    | Found Plog's Armour Shoppe.
 57897 | Elf:1    | Noticed Agnes
 57900 | Elf:1    | Killed Agnes
 58122 | Elf:1    | Acquired 730 gold pieces
 58335 | Elf:2    | Reached XP level 19. HP: 155/155 MP: 25/41
 59219 | Elf:2    | Found a runed translucent gate.
 59220 | Elf:2    | Found a runed translucent gate.
 59221 | Elf:2    | Found a runed translucent gate.
 60754 | Elf:3    | Entered Level 3 of the Elven Halls
 61487 | Elf:3    | Found a runed translucent door.
 61493 | Elf:3    | Noticed ShellytheWitch's ghost (adept MiBe)
 61854 | Elf:3    | Identified the ring of Ducetz {rElec rF++ rC+ Str-2}
 62310 | Shoals:1 | Bought +0 acid dragon scales for 480 gold pieces
 62509 | D:12     | Bought a scroll of enchant armour for 97 gold pieces
 62577 | Orc:1    | Killed Jorgrun
 63083 | Elf:3    | Identified the staff of cold "Begouc" {rC+ rN+ Dex+3}
 63157 | Elf:3    | Identified the ring of Qajeg {rN+ Dex+6}
 63295 | Elf:3    | Noticed a Brimstone Fiend
 64051 | Elf:3    | Identified the staff of fire "Gehod" {rF+ rC+}
 64059 | Elf:3    | Identified the ring "Yptiobac" {rF+ Will- Str+3}
 64722 | Elf:3    | Learned a level 6 spell: Iron Shot
 64756 | Elf:3    | Reached skill level 1 in Earth Magic
 64771 | Elf:3    | Identified Imyan's Disquisition on Orientation and the Mob
 64772 | Elf:3    | Identified The Last Folio of the Sage
 64857 | Elf:3    | Identified the staff of earth "Jiemmo" {rC+ Str+3 Int+4}
 64881 | Elf:3    | Identified Dispater's Spellbook of Blasting
 64925 | Elf:3    | Identified Meeb's Encyclopedia of Scree and Accompaniment
 65707 | Spider:1 | Noticed Mlioglotl
 65715 | Spider:1 | Killed Mlioglotl
 65797 | Spider:1 | Killed TheGhostDragon953's ghost
 65798 | Spider:1 | Reached XP level 20. HP: 144/160 MP: 42/42
 66009 | Orc:2    | Bought a runed tower shield for 255 gold pieces
 66038 | Orc:2    | Bought a scroll of enchant weapon for 97 gold pieces
 66038 | Orc:2    | Bought a scroll of teleportation for 39 gold pieces
 66038 | Orc:2    | Bought a scroll of enchant armour for 97 gold pieces
 66123 | D:12     | Bought a scroll of magic mapping for 97 gold pieces
 66123 | D:12     | Bought a scroll of enchant armour for 97 gold pieces
 66197 | Vaults:1 | Entered Level 1 of the Vaults
 66223 | Vaults:1 | Reached skill level 10 in Shields
 68099 | Vaults:1 | Identified the staff of poison "Emont" {rPois Dex+3 Stlth+}
 69077 | Vaults:2 | Found Beumy's Antique Weapon Boutique.
 69135 | Vaults:2 | Found Dorghovad's Assorted Antiques.
 69183 | Vaults:2 | Bought a scroll of fear for 140 gold pieces
 69261 | Vaults:2 | Found Unoem's Assorted Antiques.
 69904 | Vaults:2 | Paralysed by a great orb of eyes for 2 turns
 70450 | Vaults:3 | Found a staircase to the Crypt.
 71229 | Vaults:3 | Reached skill level 5 in Earth Magic
 71384 | Vaults:3 | Reached XP level 21. HP: 171/171 MP: 29/44
 72484 | Orc:2    | Bought a book of Blasting for 440 gold pieces
 72490 | Orc:2    | Learned a level 5 spell: Lee's Rapid Deconstruction
 73141 | Vaults:4 | Found Enas's Armour Shop.
 74142 | Vaults:4 | Reached skill level 13 in Spellcasting
 74320 | Crypt:1  | Entered Level 1 of the Crypt
 75005 | Crypt:1  | Reached skill level 14 in Spellcasting
 75603 | Crypt:1  | Noticed Zenata
 75611 | Crypt:1  | Killed Zenata
 76149 | Crypt:2  | Reached skill level 15 in Spellcasting
 76880 | Crypt:2  | Reached skill level 16 in Spellcasting
 77210 | Crypt:3  | Entered Level 3 of the Crypt
 77300 | Crypt:3  | Reached XP level 22. HP: 170/178 MP: 38/49
 77492 | Crypt:3  | Reached skill level 10 in Earth Magic
 77564 | Crypt:3  | Noticed Jory
 77572 | Crypt:3  | Killed Jory
 77575 | Crypt:3  | Noticed a curse toe
 77734 | Crypt:2  | Killed a curse toe
 77841 | Crypt:3  | Identified the ring "Yrufa" {rN+ Str+8 Int-5 Slay+5}
 77903 | Crypt:3  | Noticed an ancient lich
 77981 | Crypt:3  | Killed an ancient lich
 78621 | Crypt:3  | Identified the amulet of Riculo {Faith *Slow Fragile
                  | Will+++ Str+5}
 78622 | Crypt:3  | Identified the ring of Tyuhukub {Fly rF+ rC- rN+ rCorr
                  | Int+3}
 78623 | Crypt:3  | Identified the +1 buckler of the Land of Plenty {rElec rC+
                  | Dex+4}
 78687 | Crypt:3  | Noticed Grunn
 79129 | Crypt:3  | Killed Grunn
 79130 | Crypt:3  | Reached skill level 17 in Spellcasting
 79298 | Crypt:3  | Found a staircase to the Tomb.
 79355 | Crypt:3  | Noticed an ancient lich
 79372 | Crypt:3  | Killed an ancient lich
 79476 | Crypt:3  | Noticed an ancient lich
 79479 | Crypt:3  | Killed an ancient lich
 80014 | Slime:1  | Entered Level 1 of the Pits of Slime
 80362 | Slime:2  | Reached skill level 18 in Spellcasting
 81401 | Slime:3  | Reached skill level 19 in Spellcasting
 83701 | Slime:5  | Entered Level 5 of the Pits of Slime
 83909 | Slime:5  | Reached skill level 15 in Armour
 84083 | Slime:5  | Reached XP level 23. HP: 173/184 MP: 20/54
 84392 | Slime:5  | Noticed the Royal Jelly
 84919 | Slime:5  | Found a viscous altar of Jiyva.
 84956 | Slime:5  | Identified the staff of poison "Zykhlyzua" {rPois rC+
                  | Dex+5}
 84956 | Slime:5  | Identified the staff of conjuration "Ischoak" {rN+ Int+2}
 84965 | Slime:5  | Identified the +0 broad axe "Aloofog" {speed, Int+4 Dex-5
                  | Stlth+}
 84965 | Slime:5  | Found the +7 Throatcutter {drain, coup de grace}
 84970 | Slime:5  | Identified Epurryxoch's Annotations on the Sweltering Union
 84982 | Slime:5  | Identified the +7 ring mail "Womasema" {rN+ rCorr Str+3}
 85047 | Slime:5  | Killed the Royal Jelly
 85236 | Slime:5  | Got a slimy rune of Zot
 85822 | Depths:1 | Entered Level 1 of the Depths
 86044 | Depths:1 | Found Elomeum's Armour Boutique.
 86117 | Depths:1 | Found Entir's Antique Armour Shop.
 86537 | Depths:1 | Found a gateway to Hell.
 86905 | Depths:1 | Found a sparkling altar of Nemelex Xobeh.
 87369 | Depths:1 | Acquired 666 gold pieces
 87411 | Depths:2 | Found a one-way gate to the infinite horrors of the Abyss.
 89236 | Depths:3 | Found a one-way gateway to a ziggurat.
 89490 | Depths:2 | Identified the +7 quarterstaff of Isurgh {pain, rF+ rC+
                  | Str-4}
 89993 | Depths:3 | Found a transporter.
 90001 | Depths:3 | Found a transporter.
 90113 | Depths:4 | Entered Level 4 of the Depths
 91330 | Depths:4 | Reached skill level 20 in Spellcasting
 92053 | Depths:4 | Reached XP level 24. HP: 189/189 MP: 12/53
 92280 | Depths:4 | Found a gate to the Realm of Zot.
 92347 | Zot:1    | Entered Level 1 of the Realm of Zot
 93710 | Zot:1    | Identified the +0 helmet "Okhuddem" {rN++ Will+ Int+4}
 94451 | Zot:2    | Identified the +1 pair of gloves of Barnacled Creativity
                  | {Will+}
 94799 | Zot:2    | Noticed an orb of fire
 94804 | Zot:2    | Killed an orb of fire
 94805 | Zot:2    | Reached skill level 21 in Spellcasting
 95248 | Zot:2    | Identified The Lost Volume of Boris
 95827 | Zot:3    | Noticed an orb of fire
 95831 | Zot:3    | Killed an orb of fire
 95832 | Zot:3    | Reached skill level 22 in Spellcasting
 97609 | Zot:4    | Noticed an orb of fire
 97619 | Zot:3    | Reached skill level 15 in Earth Magic
 98220 | Zot:4    | Reached XP level 25. HP: 192/192 MP: 37/54
 98422 | Zot:4    | Killed an orb of fire
101710 | Shoals:3 | Killed Roxanne
101935 | Shoals:2 | Killed Kehicw's ghost
102319 | Elf:3    | Killed ShellytheWitch's ghost
102816 | Zot:5    | Entered Level 5 of the Realm of Zot
103042 | Zot:5    | Found Etuitt's Changing Room.
103052 | Zot:5    | Bought a wand of polymorph (5) for 147 gold pieces
103052 | Zot:5    | Bought a wand of polymorph (6) for 176 gold pieces
103052 | Zot:5    | Bought Luimp's Volume of Vicissitude for 462 gold pieces
104144 | Zot:5    | Noticed an orb of fire
104147 | Zot:5    | Killed an orb of fire
104190 | Zot:5    | Noticed a Killer Klown
104200 | Zot:5    | Killed a Killer Klown
104201 | Zot:5    | Reached skill level 10 in Fighting
105121 | Zot:5    | Noticed an orb of fire
105127 | Zot:5    | Killed an orb of fire
105224 | Zot:5    | Noticed a Killer Klown
105234 | Zot:5    | Killed a Killer Klown
105660 | Zot:5    | Noticed a Killer Klown
105665 | Zot:5    | Killed a Killer Klown
105899 | Zot:5    | Noticed an orb of fire
105903 | Zot:5    | Killed an orb of fire
106238 | Zot:5    | Noticed a Killer Klown
106244 | Zot:5    | Killed a Killer Klown
106542 | Zot:5    | Noticed an orb of fire
106547 | Zot:5    | Killed an orb of fire
107032 | Zot:5    | Reached XP level 26. HP: 216/216 MP: 32/54
107621 | Zot:5    | Got the Orb of Zot
107754 | Zot:2    | Identified the +0 tower shield "Ziujoawn" {Fly Will+ Int+4}
107858 | Depths:1 | Noticed a seraph
108108 | D:6      | Noticed Ariox the pandemonium lord
108204 | D:$      | Escaped with the Orb!

Illustrated notes

Levels and vault maps discovered:
D:1:      nzn_arrival_crosshair, layout_rooms,
          ebering_ecumenical_altar_petrified
D:2:      layout_basic, serial_shops, shop, nrook_mini_vaults,
          hangedman_abyss_or_decor_lesser_grid
D:3:      layout_basic, mainiacjoe_overflow_boulevard,
          chequers_temple_overflow_statue_of_worship, serial_shops,
          nicolae_shop_advertising_works [nicolae_subvault_shop_adworks],
          minivault_25, uniq_sigmund
D:4:      layout_basic, temple_statues
D:5:      layout_cave_pools
D:6:      layout_loops_ring, nzn_overflow_gifts_of_might_and_magic,
          gup_sewer_entry_pipe
D:7:      layout_loops_cross, mainiacjoe_overflow_alcove_4,
          mainiacjoe_overflow_alcove_1
D:8:      layout_loops_ring, lemuel_crystal_altar,
          eino_small_chamber_without_monster, uniq_joseph
D:9:      gammafunk_cloud_chamber, layout_rooms, david_lair_shrubbed,
          gammafunk_ghost_wrathful_warriors, nicolae_diode_intersection
D:10:     layout_irregular_city, zombieorc2_lemuel
D:11:     layout_basic, gammafunk_ghost_grave, minmay_misc_feat_tiny,
          uniq_lodul, uniq_erica, uniq_gastronok
D:12:     layout_basic, gauntlet_entry_generic, serial_glass, glass_columns_b,
          glass_columns_a, enter_trove_3, serial_shops, shop, shop, uniq_kirke
D:13:     layout_stronghold, skrybe_vaults_entry_preservation,
          serial_nicolae_subway, nicolae_sub_station_metal,
          nicolae_sub_station_crystal, nicolae_sub_station_stone
D:14:     layout_irregular_city, nicolae_wu_jian_immortal_techniques
D:15:     hangedman_depths_entry_civil_slaughter, layout_loops_corners,
          serial_rivers, chequers_serial_rivers_micro_d,
          chequers_serial_rivers_micro_c, chequers_serial_rivers_micro_a,
          chequers_serial_rivers_micro_a, chequers_serial_rivers_marsh,
          minivault_14, nicolae_inconvenience_store
Temple:   nicolae_temple_superstar
Lair:1:   layout_regular_city, basic_altar, nicolae_lair_run_with_the_wolves,
          lemuel_fruit_fields
Lair:2:   layout_roguey, minmay_shoals_entry_centaurs,
          nicolae_spider_entry_tight_spaces, uniq_fannar
Lair:3:   statuecave_lemuel, layout_chaotic_city, portal_ice_cave_entry_imps,
          grunt_megastairs_1
Lair:4:   layout_small_grid, serial_bayou_shore_a
Lair:5:   due_jungle_book, layout_long_grid, minmay_slime_entry_jelly_boxes,
          ebering_ghost_xom, dreamdust_mushroom_princess
Shoals:1: layout_shoals, serial_shops, nicolae_shop_stone, shop,
          nicolae_shop_scrapyard, nicolae_shop_dealshenge,
          nicolae_shop_dragon_depot, nzn_prometheus_bound
Shoals:2: layout_shoals, ebering_ghost_disaster_area, uniq_frances
Shoals:3: layout_shoals, uniq_roxanne
Shoals:4: shoals_end_grunt_ice, layout_shoals, shoal_ilsuiw, uniq_polyphemus
Spider:1: layout_spider_delve, ebering_ghost_reflecting_pool,
          hellmonk_deceptive_appearances, uniq_mlioglotl
Spider:2: layout_spider_delve
Spider:3: layout_chambers, drop_trap, nicolae_spider_solar_radiation, uniq_mara
Spider:4: spider_rune_water, hellmonk_motheaten_closet, uniq_bai_suzhen,
          uniq_louise
Slime:1:  layout_caves
Slime:2:  layout_caves
Slime:3:  layout_caves
Slime:4:  layout_caves, nicolae_slime_crime_time
Slime:5
Orc:1:    layout_caves, uniq_sonja, uniq_jorgrun
Orc:2:    pf_orc_diabolical, layout_caves, enter_volcano_1
Elf:1:    minmay_elf_arrival_circle, layout_gridlike, serial_shops, shop,
          minmay_elf_necromancy, minmay_misc_feat_cross, minivault_5,
          uniq_aizul, uniq_agnes
Elf:2:    elven_hall_of_blades_hangedman_original [nicolae_blade_lattice],
          layout_onion_city, grunt_ministairs_1, hangedman_glass_teeth
Elf:3:    grunt_elf_hall_diamonds, layout_geoelf_grid,
          ebering_ghost_reflecting_pool
Vaults:1: nicolae_vaults_closet_pinwheel_6, hangedman_vaults_locks,
          nicolae_vaults_security_offices_6, v_misc_30,
          nicolae_vaults_diagonal_hallway_7, ontoclasm_vaults_ring_square,
          vaults_room_ringed_pool, nicolae_vaults_tangram_2,
          ontoclasm_vaults_chip, hangedman_vaults_nails, nicolae_vaults_heist,
          ontoclasm_vaults_gateway, layout_vaults_big_cross
Vaults:2: nicolae_vaults_c_with_doors, nicolae_vaults_network_quinsquares
          [nicolae_vaults_network_quincunx_subvault,
          nicolae_vaults_network_quincunx_subvault,
          nicolae_vaults_network_quincunx_subvault,
          nicolae_vaults_network_quincunx_subvault], v_misc_13,
          nicolae_vaults_trapezoid_layered, v_misc_33, v_misc_14,
          nicolae_vaults_big_ls, v_misc_3, vaults_dpeg_hooks,
          vaults_room_stairs_pillars, layout_vaults_omnigrid, serial_shops,
          shop, nicolae_shop_peninsula, nicolae_shop_real_fake_doors
Vaults:3: nicolae_vaults_bisected_inception, v_misc_15, v_misc_10,
          nicolae_vaults_shrinking_rooms_1, nicolae_vaults_little_squares_4,
          hangedman_vaults_stitches, nicolae_vaults_storage_room_doors,
          minmay_crypt_entry_skeletal_spiral, nicolae_vaults_sesquioval_fish,
          vaults_mumra_hexcomb, v_misc_8, v_misc_10, nicolae_vaults_theta,
          nicolae_vaults_tetromino_L_1, layout_vaults_ring
Vaults:4: ontoclasm_vaults_eye, nicolae_vaults_more_shelving_2, v_misc_1,
          nicolae_vaults_turnstiles, vaults_room_grid, v_alt_pattern_1,
          ontoclasm_vaults_shout, grunt_vaults_hallway_short,
          ontoclasm_vaults_ring_large, v_misc_4, ontoclasm_vaults_hangar,
          ontoclasm_vaults_pinch, nicolae_vaults_closet_pinwheel_4, v_misc_17,
          vaults_dpeg_encased_lava, nicolae_vaults_layer_cake_slice,
          nicolae_vaults_variable_pillar_hall, layout_vaults_omnibox,
          serial_shops, shop
Crypt:1:  layout_misc_corridors, corexii_leaking_fountain,
          grunt_crypt_arrival_split, roderic_lattice_octagonal_star, uniq_zenata
Crypt:2:  layout_gridlike
Crypt:3:  david_glass_crypt, layout_gridlike,
          nicolae_tomb_entry_unfolded_pyramid_orthogonal, uniq_grunn, uniq_jory
Depths:1: layout_honeycomb, hell_entry, grunt_pan_entry_zigzag, st_stairs_4,
          nemelex_diamond_rough_becter, minmay_shoptagon
Depths:2: nicolae_cairo_tiling_very_big, layout_cave_pools, grunt_hell_horde,
          chequers_serial_rivers_large_b, abyss_entry, pan_entry, firewood_loft
Depths:3: emtedronai_trogs_sanctum, layout_honeycomb, enter_ziggurat_e,
          pf_hell_entry_tar_spiral, nicolae_abyss_entry_one_way_or_another,
          hangedman_decor_riveting
Depths:4: grunt_zot_entry_gee_three, layout_basic, hell_entry, abyss_entry
Zot:1:    layout_onion, grunt_ministairs_13, st_single_dragon_hoard_4
Zot:2:    layout_gridlike, grunt_ministairs_3
Zot:3:    layout_gridlike
Zot:4:    lemuel_acid_trip, layout_concentric_octagons, st_stairs_1
Zot:5:    layout_twisted_circle, grunt_ministairs_5, nicolae_transmutations_shop

Skill      XL: |  1  2  3  4  5  6  7  8  9 10 11 12 13 14 15 16 17 18 19 20 21 22 23 24 25 26 |
---------------+-------------------------------------------------------------------------------+-----
Conjurations   | 1 2 3 4 5 8 10 12 14 16 17 19 20 21 | 21.7
Spellcasting   | 5 6 7 8 9 10 12 16 19 20 22 | 22.0
Poison Magic   | 1 |  1.0
Air Magic      | 1 |  1.4
Fighting       | 1 4 5 6 7 8 13 14 | 14.5
Staves         | 2 4 7 8 |  8.0
Necromancy     | 1 |  1.3
Evocations     | 1 4 6 7 9 |  9.3
Throwing       | 5 |  5.0
Dodging        | 3 5 6 7 8 12 | 12.5
Armour         | 2 3 4 5 7 11 13 15 | 15.8
Transmutations | 2 3 |  3.0
Shields        | 9 14 | 14.8
Earth Magic    | 1 5 9 10 11 15 16 | 16.0
Stealth        | |  1.5
Hexes          | |  0.6
Summonings     | |  0.7
Translocations | |  0.7

Action                     |  1- 3 |  4- 6 |  7- 9 | 10-12 | 13-15 | 16-18 | 19-21 | 22-24 | 25-27 || total
---------------------------+-------+-------+-------+-------+-------+-------+-------+-------+-------++-------
  Melee: Dagger            |     6 |       |       |       |       |       |       |       |       ||     6
         Punch             |     1 |       |     2 |    16 |    10 |       |       |       |       ||    29
         Staff             |       |     4 |    59 |   856 |  1256 |  1247 |  1777 |  1425 |   237 ||  6861
         Quarterstaff      |       |       |    19 |       |       |       |       |       |       ||    19
         Spear             |       |       |    86 |    55 |       |       |       |       |       ||   141
  Throw: Dart              |       |     1 |    19 |     3 |    13 |       |       |       |       ||    36
         Boomerang         |       |       |       |     3 |       |     3 |       |       |     3 ||     9
   Cast: Magic Dart        |    98 |   121 |   294 |   244 |   167 |   118 |    24 |    20 |    13 ||  1099
         Mephitic Cloud    |       |     1 |    31 |    67 |    49 |     9 |     6 |       |     1 ||   164
         Slow              |       |       |     2 |     1 |     1 |       |       |       |       ||     4
         Apportation       |       |       |       |     1 |       |     2 |       |       |       ||     3
         Hailstorm         |       |       |       |    37 |   138 |    85 |    11 |       |       ||   271
         Irradiate         |       |       |       |     4 |    71 |    44 |    21 |    21 |     6 ||   167
         Stone Arrow       |       |       |       |       |     9 |    80 |    22 |       |       ||   111
         Orb of Destructio |       |       |       |       |       |   203 |   155 |   250 |    97 ||   705
         Blink             |       |       |       |       |       |     4 |       |     1 |       ||     5
         Iron Shot         |       |       |       |       |       |       |    63 |   255 |    72 ||   390
         Lee's Rapid Decon |       |       |       |       |       |       |    20 |     3 |    19 ||    42
         Lehudib's Crystal |       |       |       |       |       |       |       |     2 |    70 ||    72
 Invoke: Curse Item        |       |     1 |     4 |     4 |     2 |     3 |     2 |     3 |       ||    19
         Shatter the Chain |       |       |       |     2 |     1 |     1 |     2 |     3 |       ||     9
  Evoke: Wand              |       |       |     5 |     9 |     4 |    14 |     3 |     6 |     6 ||    47
         Lightning rod     |       |       |       |     6 |    16 |    13 |    14 |     4 |       ||    53
         Box of beasts     |       |       |       |       |     1 |     1 |     2 |     1 |       ||     5
         Phial of floods   |       |       |       |       |       |     2 |     1 |     1 |       ||     4
         Tin of tremorston |       |       |       |       |       |       |       |     2 |       ||     2
    Use: Scroll            |     5 |     4 |     4 |     4 |     3 |     7 |    13 |    11 |     5 ||    56
   Stab: Paralysed         |       |       |    14 |       |       |       |       |       |       ||    14
         Distracted        |       |       |     1 |     2 |     1 |     2 |     1 |       |       ||     7
         Sleeping          |       |       |     1 |       |       |     2 |    11 |     2 |       ||    16
         Confused          |       |       |    10 |    50 |    33 |     2 |     2 |       |     3 ||   100
 Armour: Robe              |     3 |     7 |     6 |       |       |       |       |       |       ||    16
         Troll leather arm |       |       |    30 |   169 |   197 |   194 |     3 |       |       ||   593
         Acid dragon scale |       |       |       |       |       |       |   218 |   256 |    28 ||   502
  Dodge: Dodged            |    15 |    28 |   145 |   523 |   458 |   556 |   517 |   572 |    58 ||  2872
  Block: Kite shield       |       |       |       |       |   426 |   777 |   759 |   575 |       ||  2537
         Tower shield      |       |       |       |       |       |       |       |   465 |   174 ||   639
         Reflection        |       |       |       |       |       |       |       |    12 |     7 ||    19
